 Dungeon Crawl Stone Soup version 0.17-a0-2007-g96ac4c4 (console) character file.

52 Garrluk the Cudgeler (level 3, -2/36 HPs)
             Began as an Ogre Gladiator on Oct 9, 2015.
             Slain by a hobgoblin
             ... wielding a +0 club
              (6 damage)
             ... on level 2 of the Dungeon.
             The game lasted 00:02:48 (707 turns).

Garrluk the Cudgeler (Ogre Gladiator)                Turns: 707, Time: 00:02:48

Health: -2/36      AC:  3    Str: 20    XL:     3   Next: 85%
Magic:  3/3        EV: 10    Int:  8    God:
Gold:   84         SH:  0    Dex: 10    Spells: 0 memorised, 2 levels left

rFire  . . .     SeeInvis .     a - +0 flail
rCold  . . .     Clarity  .     b - +0 robe
rNeg   . . .     SustAt   .     (no shield)
rPois  .         Gourm    .     c - +0 hat
rElec  .         Spirit   .     (no cloak)
rCorr  .         Warding  .     (gloves unavailable)
rMut   .         Stasis   .     (boots unavailable)
MR     .....                    (no amulet)
Stlth  +.........               (no ring)
                                (no ring)

@: lethally poisoned (-2 -> -6), not resistant to hostile enchantments, very
unstealthy
A: unfitting armour, tough skin 1
a: no special abilities


You were on level 2 of the Dungeon.
You were not hungry.

You visited 1 branch of the dungeon, and saw 2 of its levels.

You collected 84 gold pieces.

Notes
Turn   | Place    | Note
--------------------------------------------------------------
     0 | D:1      | Garrluk the Ogre Gladiator began the quest for the Orb.
     0 | D:1      | Reached XP level 1. HP: 22/22 MP: 1/1
   273 | D:1      | Reached XP level 2. HP: 29/29 MP: 2/2
   496 | D:1      | Reached skill level 5 in Maces & Flails
   637 | D:2      | Reached XP level 3. HP: 34/36 MP: 3/3
   707 | D:2      | Slain by a hobgoblin

Inventory:

Hand Weapons
 a - a +0 flail (weapon)
Missiles
 d - 2 throwing nets (quivered)
 e - 54 stones
Armour
 b - a +0 robe (worn)
 c - a +0 hat (worn)
Scrolls
 g - 2 scrolls of blinking {unknown}
 h - a scroll of fog {unknown}
 i - a scroll of remove curse {unknown}
Potions
 k - a potion of brilliance {unknown}
Comestibles
 f - 2 bread rations
 j - a meat ration
 l - 5 chunks of flesh

Table legend:
 A = Turns spent in this place as a percentage of turns spent in the entire game.
 B = Non-inter-level travel turns spent in this place as a percentage of non-inter-level travel turns spent in the entire game.
 C = Inter-level travel turns spent in this place as a percentage of turns spent in this place.
 D = Turns resting spent in this place as a percentage of non-inter-level travel turns spent in this place.
 E = Turns spent auto-exploring this place as a percentage of non-inter-level travel turns spent in this place.
 F = Non-inter-level travel turns spent in this place divided by the number of levels of this place that you've seen.
                   A       B       C       D       E      F
               +-------+-------+-------+-------+-------+----------------------
         Total | 100.0 | 100.0 |   0.3 |   0.7 |   9.2 | 153.0
       Dungeon | 100.0 | 100.0 |   0.3 |   0.7 |   9.2 | 153.0
               +-------+-------+-------+-------+-------+----------------------


   Skills:
 - Level 2.6 Fighting
 * Level 5.5 Maces & Flails
 + Level 2.7 Throwing
 - Level 2.6 Dodging


You had 2 spell levels left.
You didn't know any spells.

Dungeon Overview and Level Annotations

Branches:
Dungeon (2/15)

Altars:


Innate Abilities, Weirdness & Mutations

You are too large for most types of armour.
You have tough skin (AC +1).


Message History

Press: ? - help, Shift-Dir - straight line, f - adder
Aim: an adder (almost dead)
You throw a throwing net. The throwing net hits the adder.
The adder is caught in the net!
The adder is almost dead.
You feel sick.
The adder struggles to escape the net.
You hit the adder but do no damage.
The adder is almost dead.
You feel sick.
The adder struggles to escape the net.
The adder struggles to escape the net.
The adder breaks free.
You barely miss the adder.
The adder is almost dead.
The adder barely misses you.
You sock the adder!
You kill the adder!
You feel sick.
You completely miss the hobgoblin.
You feel sick. The hobgoblin hits you with a club.
* * * LOW HITPOINT WARNING * * *
You hit the hobgoblin.
The hobgoblin is severely wounded.
The hobgoblin hits you with a club.
You die...

#.......#.......#
#######.#....#..#
#.#.##....#
#.#.##.†#.#
#.........##### ♣
#######........
.♣
#######..#####.
..♣ #........####
.#..
#.######....#
..... #.##.##...#
#.@g)....(#
#.##(.!.....#
#.######.##.. ...
# #.#. #. . ##


You could see a hobgoblin.

Table legend:
 A = Kills in this place as a percentage of kills in entire the game.
 B = Kills by you in this place as a percentage of kills by you in the entire game.
 C = Kills by friends in this place as a percentage of kills by friends in the entire game.
 D = Other kills in this place as a percentage of other kills in the entire game.
 E = Experience gained in this place as a percentage of experience gained in the entire game.
 F = Experience gained in this place divided by the number of levels of this place that you have seen.
                   A       B       C       D       E      F
               +-------+-------+-------+-------+-------+----------------------
         Total | 100.0 | 100.0 |  -nan |  -nan | 100.0 |  37.5
       Dungeon | 100.0 | 100.0 |  -nan |  -nan | 100.0 |  37.5
               +-------+-------+-------+-------+-------+----------------------

Vanquished Creatures
  Monster Symbol All 'K'
  4 kobolds
4 creatures vanquished. All 'S' 3 adders (D:2)
3 creatures vanquished. All 'b' 4 bats
4 creatures vanquished. All 'g' 4 goblins 3 hobgoblins
7 creatures vanquished. All 'h' 4 jackals (D:1)
4 creatures vanquished. All 'l' A giant gecko (D:1) A giant newt (D:1)
2 creatures vanquished. All 'r' 3 rats (D:1)
3 creatures vanquished.
27 creatures vanquished. Monster Nature Natural Monsters 3 adders (D:2) 4 goblins 3 hobgoblins 4 jackals (D:1) 4 bats A giant gecko (D:1) A giant newt (D:1) 4 kobolds 3 rats (D:1)
27 creatures vanquished.
27 creatures vanquished. Ascending Order A giant gecko (D:1) A giant newt (D:1) 3 adders (D:2) 3 hobgoblins 3 rats (D:1) 4 jackals (D:1) 4 goblins 4 kobolds 4 bats
27 creatures vanquished.

Action                   || total
-------------------------++-------
Melee: Flail             ||   107
Throw: Stone             ||     3
       Throwing net      ||     1
